 Dungeon Crawl Stone Soup version 0.31-a0-880-g9a209b2425 (webtiles) character file.

Game seed: 409538047842814461

41499 BinkBink the Severer (level 13, -7/111 HPs)
             Began as a Minotaur Fighter on Oct 15, 2023.
             Was the Champion of Okawaru.
             Killed by divine providence
             ... invoked by a smoke demon
              (11 damage)
             ... on level 3 of the Abyss.
             The game lasted 00:29:38 (14513 turns).

BinkBink the Severer (Minotaur Fighter)            Turns: 14513, Time: 00:29:39

Health: -7/111     AC: 30    Str: 25 (26) XL:     13   Next: 80%
Magic:  2/12       EV:  8    Int:  5      God:    Okawaru [******]
Gold:   717        SH: 22    Dex:  9 (10) Spells: 12/12 levels left

rFire   . . .        J - +4 broad axe (holy)
rCold   x . .        p - +0 tower shield
rNeg    . . .        b - +10 chain mail "Dybb" {*Corrode Fly rC- Stlth+}
rPois   +            u - +2 hood of the Assassin {Detect Stab+ Stlth++}
rElec   .            K - +2 cloak {rCorr}
rCorr   +            Q - +0 pair of gloves
SInv    .            (no boots)
Will    .....        s - amulet of reflection
Stlth   ++           g - ring of poison resistance
HPRegen 0.00/turn    B - ring of resist corrosion
MPRegen 0.13/turn

%: random rage (3%), corrode self (3%), reflection
@: about to teleport, sick, flying
A: horns 2, retaliatory headbutt, [berserk 1], [frail 1], [screaming 1],
[inability to drink after injury 2]
a: Renounce Religion, Heroism, Finesse, Duel


You were on level 3 of the Abyss.
You worshipped Okawaru.
Okawaru was exalted by your worship.
You visited 2 branches of the dungeon, and saw 15 of its levels.
You visited the Abyss 4 times.
You also visited: Bailey.

You collected 807 gold pieces.
You spent 90 gold pieces at shops.

Inventory:

Hand Weapons
 J - a +4 broad axe of holy wrath (weapon)
 O - a +2 war axe of freezing
Armour
 b - the +10 chain mail "Dybb" (worn) {*Corrode Fly rC- Stlth+}
   (You found it in a bailey)

   rC-:       It makes you vulnerable to cold.
   Fly:       It grants you flight.
   *Corrode:  It may corrode you when you take damage.
   Stlth+:    It makes you more stealthy.
 d - the +0 scale mail of the Lost Path {Str+4}
   (You found it in a bailey)

   Str+4:     It affects your strength (+4).
 p - a +0 tower shield (worn)
 u - the +2 hood of the Assassin (worn) {Detect Stab+ Stlth++}
   (Okawaru gifted it to you on level 11 of the Dungeon)

   Detect:    It allows the wearer to sense nearby creatures.
   Stab+:     It allows the wearer to make particularly effective stabbing
   attacks against helpless or unaware enemies with any weapon.
   Stlth++:   It makes you much more stealthy.
 K - a +2 cloak of preservation (worn)
 N - the +2 ratskin cloak {*Rats rPois rN+ Str-1 Int-1 Dex+1}
   (You found it on level 8 of the Dungeon)

   *Rats:     When the wearer is hurt, rats may emerge from it to assist them.
   Str-1:     It affects your strength (-1).
   Int-1:     It affects your intelligence (-1).
   Dex+1:     It affects your dexterity (+1).
   rPois:     It protects you from poison rN+: It protects you from negative
   energy.
 Q - a +0 pair of gloves (worn)
Jewellery
 a - the ring "Waecapt" {Wiz rPois}
   (You found it on level 8 of the Dungeon)

   [ring of wizardry]

   Wiz:       It improves your spell success rate.
   rPois:     It protects you from poison
 g - a ring of poison resistance (left hand)
 o - a +5 ring of evasion
 s - an amulet of reflection (around neck)
 B - a ring of resist corrosion (right hand)
 C - an amulet of faith
 G - a ring of ice
Wands
 v - a wand of mindburst (19)
 z - a wand of iceblast (12)
 D - a wand of flame (11)
 L - a wand of light (10)
 R - a wand of polymorph (3)
Scrolls
 f - 6 scrolls of teleportation
 h - 2 scrolls of amnesia
 k - 2 scrolls of fog
 r - 2 scrolls of immolation
 x - 2 scrolls of poison
 y - 2 scrolls of revelation
 E - 3 scrolls of fear
 P - a scroll of brand weapon {unknown}
 S - 4 scrolls of identify
Potions
 c - a potion of mutation
 e - 2 potions of brilliance
 i - a potion of magic
 j - a potion of might
 l - a potion of invisibility
 m - 3 potions of haste
 n - 3 potions of enlightenment
 q - 4 potions of curing
 w - 3 potions of resistance {unknown}
 A - 2 potions of ambrosia {unknown}
 F - a potion of berserk rage
 H - 3 potions of cancellation {unknown}
 I - 3 potions of lignification {unknown}
 M - 4 potions of degeneration {unknown}


   Skills:
 + Level 14.0 Fighting
 + Level 16.3 Axes
 + Level 14.0 Armour
 + Level 2.9 Dodging
 + Level 2.2 Stealth
 + Level 14.0 Shields


You had 12 spell levels left.
You didn't know any spells.
Your spell library contained the following spells:

 Spells                   Type           Power      Damage    Failure   Level
 Shock                    Conj/Air       0%         1d3       99%         1
 Sting                    Tmut/Pois      0%         1d3       99%         1
 Ensorcelled Hibernation  Hex/Ice        0%         N/A       100%        2
 Passwall                 Tmut/Erth      0%         N/A       100%        2
 Static Discharge         Conj/Air       0%         2-2/arc   100%        2
 Inner Flame              Hex/Fire       0%         N/A       100%        3
 Swiftness                Air            0%         N/A       100%        3
 Volatile Blastmotes      Fire/Tloc      0%         2d10      100%        3
 Airstrike                Air            0%         2d(0-16)  100%        4
 Flame Wave               Conj/Fire      0%         2d4       100%        4
 Fulminant Prism          Conj/Hex       0%         3d5       100%        4
 Iskenderun's Mystic Bla  Conj/Tloc      0%         2d3       100%        4
 Sticky Flame             Conj/Fire      0%         2d3       100%        4
 Summon Lightning Spire   Summ/Air       Unusable   N/A       N/A         4

Dungeon Overview and Level Annotations

Branches:
Dungeon (14/15)            Temple (1/1) D:5            Lair (0/5) D:10
    Orc (0/2) D:10         Bailey (visited)
 Vaults: D:13-14

Altars:
Ashenzari
Cheibriados
Dithmenos
Elyvilon
Fedhas
Gozag
Hepliaklqana
Kikubaaqudgha
Makhleb
Nemelex Xobeh
Okawaru
Qazlal
Ru
Sif Muna
Trog
Uskayaw
Vehumet
Wu Jian
Xom
Yredelemnul
Zin
The Shining One

Shops:
D:1 [   D:6 *   D:12 (

Annotations:
D:8 1 runed translucent door


Innate Abilities, Weirdness & Mutations

You have a pair of horns on your head.
You reflexively headbutt those who attack you in melee.
[You sometimes lose your temper in combat.]
[You are frail. (-10% HP)]
[You occasionally shout uncontrollably at your foes.]
[You sometimes lose the ability to drink potions when taking damage.]


Message History

The ufetubus attacks as it pursues you!
The ufetubus hits you but does no damage.
You block the ufetubus's attack. x3
The ufetubus attacks as it pursues you! You block the ufetubus's attack. x2
The ynoxinul gestures.
The ufetubus attacks as it pursues you! You block the ufetubus's attack. x2
The ufetubus hits you.
* * * LOW HITPOINT WARNING * * *
You block the ufetubus's attack.
A tentacled starspawn comes into view.
You yell at the mana viper!
A mana viper comes into view.
The mana viper hisses angrily.
You hear a roar!
You hear a shout! x3
A tentacle flies out from the starspawn's body!
A starspawn tentacle comes into view.
As you read the scroll of teleportation, it crumbles to dust.
You feel strangely unstable.
You feel the power of the Abyss delaying your translocation!
You block the ufetubus's attack.
The ufetubus hits you but does no damage.
The ufetubus closely misses you. You block the ufetubus's attack.
A smoke demon comes into view.
The starspawn tentacle grabs you. The starspawn tentacle constricts you.
A starspawn tentacle comes into view.
You escape the starspawn tentacle's grasp.
A guardian serpent comes into view.
You yell at the guardian serpent!
Found a gateway leading deeper into the Abyss.
The guardian serpent shouts!
The guardian serpent coils itself and waves its upper body at you.
The tentacled starspawn blinks!
The smoke demon blinks into view!
You block the mana viper's attack.
You block the worldbinder's attack. x2; The mana viper bites you!
* * * LOW HITPOINT WARNING * * *
You feel your power leaking away.
The mana viper bites you but does no damage.
The worldbinder calls forth creatures from the Vaults!
The ynoxinul gestures.
The smoke demon gestures at you. Something smites you!
You die...

## .## . .. #
.#..###.#######.#
# ....O.#.........
.. #. ###x@S.#§.#
...#.##.......#{
#...#.#.5X#3#.S..#
......§..5## .##>
.#..x.### #
###55.# #..#3##
#.X55# {
######..###


You could see a tentacled starspawn, an ironbound thunderhulk (summoned), a
large abomination, a mana viper, a guardian serpent, a worldbinder, a smoke
demon, a ynoxinul, a small abomination and 5 ufetubi.

Vanquished Creatures
  4 tentacled starspawn
  A deep elf sorcerer (Abyss:3)
  4 very ugly things (Abyss:3)
  A rakshasa (Abyss:3)
  2 boulder beetles
  A centaur warrior (D:12)
  A two-headed ogre (D:10)
  A demonic crawler (Abyss:3)
  A soul eater (Abyss:2)
  2 wretched stars (Abyss:3)
  A spatial maelstrom (Abyss:3)
  A glowing orange brain (shapeshifter) (D:8)
  4 wizards (D:11)
  A glowing orange brain (Abyss:3)
  Pikel (D:7)
  A will-o-the-wisp (Abyss:3)
  A manticore (D:12)
  3 smoke demons
  A cane toad (shapeshifter) (D:12)
  2 gargoyles
  3 unseen horrors
  A komodo dragon (D:11)
  An ancient zyme (Abyss:3)
  A polar bear (shapeshifter) (Abyss:2)
  2 trolls (D:10)
  3 hellwings (Abyss:3)
  6 large abominations
  3 hornets
  Prince Ribbit (D:8)
  3 slime creatures (D:12)
  5 raiju (Abyss:3)
  Sigmund (D:5)
  7 small abominations
  9 flying skulls
  A ynoxinul (Abyss:3)
  2 vampires
  18 yaks
  4 wraiths
  Eustachio (D:4)
  3 steam dragons
  A fire bat (Abyss:2)
  Grum (D:11)
  A chaos spawn (Abyss:3)
  Menkaure (D:4)
  A vampire mosquito (D:11)
  Duvessa (D:5)
  An ice beast (Abyss:2)
  A black bear (D:5)
  11 orc warriors
  2 sky beasts
  3 ogres
  3 wolves (D:11)
  A phantom (D:4)
  2 centaurs
  4 kobold brigands
  8 bullfrogs
  An earth elemental (Abyss:2)
  4 gnoll sergeants
  5 scorpions
  13 wights
  Dowan (D:5)
  11 killer bees
  8 vampire bats (Bailey)
  A howler monkey (D:9)
  6 wolf zombies (Bailey)
  A crimson imp (Abyss:2)
  2 hounds
  2 gnoll boudas
  8 orc priests
  11 starcursed masses (Abyss:3)
  A jelly (D:5)
  Ijyb (D:5)
  5 iguanas
  Natasha (thrice) (D:2)
  17 orc wizards
  11 adders
  16 gnolls
  4 white imps
  4 ufetubi
  2 worms (D:2)
  12 dart slugs
  54 orcs
  6 ball pythons
  3 bats
  7 endoplasms
  A giant cockroach (D:4)
  11 goblins
  10 hobgoblins
  9 jackals
  32 kobolds
  2 quokkas
  5 frilled lizards
  22 orc zombies (Bailey)
  3 rats
  4 starspawn tentacles
470 creatures vanquished.

Vanquished Creatures (others)
  A wizard (D:11)
  An orc (D:8)
  7 starspawn tentacles
9 creatures vanquished.

Grand Total: 479 creatures vanquished

Notes
Turn   | Place    | Note
-------+----------+-------------------------------------------
     0 | D:1      | BinkBink the Minotaur Fighter began the quest for the Orb.
     0 | D:1      | Reached XP level 1. HP: 19/19 MP: 0/0
    22 | D:1      | Found Qusentea's Antique Armour Boutique.
   124 | D:1      | Reached XP level 2. HP: 25/27 MP: 1/1
   126 | D:1      | Reached skill level 3 in Axes
   413 | D:1      | Reached XP level 3. HP: 33/33 MP: 2/2
  1179 | D:2      | Noticed Natasha
  1187 | D:2      | Killed Natasha
  1250 | D:2      | Noticed Natasha
  1254 | D:2      | Reached XP level 4. HP: 34/40 MP: 3/3
  1259 | D:2      | Reached skill level 4 in Axes
  1259 | D:2      | Killed Natasha
  1455 | D:2      | Noticed Natasha
  1460 | D:2      | Killed Natasha
  1461 | D:2      | Reached XP level 5. HP: 47/47 MP: 4/4
  1474 | D:2      | Found a shimmering altar of Xom.
  1770 | D:3      | Reached skill level 5 in Axes
  2194 | D:3      | Reached XP level 6. HP: 47/55 MP: 5/5
  2694 | D:4      | Reached skill level 5 in Fighting
  2694 | D:4      | Reached skill level 5 in Armour
  2694 | D:4      | Reached skill level 5 in Shields
  2807 | D:4      | Identified the +2 whip of Wealth {heavy, rCorr Str+2}
  2836 | D:4      | Found a radiant altar of Vehumet.
  2836 | D:4      | Found an ancient bone altar of Kikubaaqudgha.
  2837 | D:4      | Found a shimmering blue altar of Sif Muna.
  2841 | D:4      | Reached skill level 6 in Axes
  2849 | D:4      | Reached XP level 7. HP: 51/61 MP: 6/6
  2885 | D:4      | Got an antique book
  2995 | D:4      | Noticed Eustachio
  3018 | D:4      | Killed Eustachio
  3057 | D:4      | Found a glowing silver altar of Zin.
  3319 | D:4      | Reached skill level 7 in Axes
  3364 | D:4      | Noticed Menkaure
  3427 | D:4      | Killed Menkaure
  3579 | D:4      | Reached XP level 8. HP: 63/70 MP: 7/7
  3735 | D:5      | Entered Level 5 of the Dungeon
  3969 | D:5      | Noticed Ijyb
  3980 | D:5      | Reached skill level 8 in Axes
  3984 | D:5      | Killed Ijyb
  4106 | D:5      | Found a staircase to the Ecumenical Temple.
  4110 | Temple   | Entered the Ecumenical Temple
  4294 | D:5      | Noticed Dowan
  4295 | D:5      | Noticed Duvessa
  4309 | D:5      | Killed Duvessa
  4314 | D:5      | Killed Dowan
  4599 | D:5      | Noticed Sigmund
  4607 | D:5      | Killed Sigmund
  4613 | D:5      | Reached skill level 9 in Axes
  4655 | D:5      | Identified the +1 leather armour of Indemnity {Rampage
                  | rElec Str+3 Dex-4}
  4947 | D:6      | Noticed a +0 dagger
  4948 | D:6      | Found a hide-covered altar of Uskayaw.
  4948 | D:6      | Noticed a +0 dagger
  5134 | D:6      | Found Luewitt's General Store.
  5147 | D:6      | Reached XP level 9. HP: 68/79 MP: 8/8
  5367 | D:6      | Bought a scroll of identify for 30 gold pieces
  5367 | D:6      | Bought a scroll of identify for 30 gold pieces
  5367 | D:6      | Bought a scroll of identify for 30 gold pieces
  6062 | D:6      | Found a burning altar of Makhleb.
  6197 | D:7      | Found an iron altar of Okawaru.
  6272 | D:7      | Reached skill level 10 in Axes
  6293 | D:7      | Became a worshipper of Warmaster Okawaru
  6376 | D:7      | Noticed Pikel
  6400 | D:7      | Killed Pikel
  6402 | D:7      | Reached * piety under Okawaru
  6812 | D:7      | Identified the +1 rapier of Faasuuc {venom, Will+}
  7232 | D:7      | Reached skill level 11 in Axes
  7655 | D:8      | Reached XP level 10. HP: 90/90 MP: 9/9
  7761 | D:8      | Found a runed translucent door.
  7865 | D:8      | Found a runed translucent door.
  7918 | D:8      | Noticed a black mamba
  7934 | D:8      | a black mamba changed into a jumping spider
  8010 | D:8      | Found the +2 ratskin cloak {*Rats rPois rN+ Str-1 Int-1
                  | Dex+1}
  8042 | D:8      | Found a stormy altar of Qazlal.
  8274 | D:8      | Found a white marble altar of Elyvilon.
  8319 | D:8      | Noticed Prince Ribbit
  8324 | D:8      | Killed Prince Ribbit
  8324 | D:8      | Reached ** piety under Okawaru
  8473 | D:8      | Noticed a gargoyle
  8493 | D:8      | Killed a gargoyle
  8494 | D:8      | Reached skill level 12 in Axes
  8571 | D:8      | Noticed a glowing orange brain
  8586 | D:8      | Killed a glowing orange brain
  8586 | D:8      | Reached *** piety under Okawaru
  8670 | D:8      | Identified the ring "Waecapt" {Wiz rPois}
  9153 | D:9      | Reached **** piety under Okawaru
  9325 | D:9      | Found a bloodstained altar of Trog.
  9326 | D:9      | Found a sparkling altar of Nemelex Xobeh.
  9345 | D:9      | Reached skill level 13 in Axes
  9345 | D:9      | Reached XP level 11. HP: 93/99 MP: 10/10
  9415 | D:9      | Found an opulent altar of Gozag.
  9416 | D:9      | Found a snail-covered altar of Cheibriados.
  9418 | D:9      | Found a basalt altar of Yredelemnul.
  9710 | D:10     | Entered Level 10 of the Dungeon
  9799 | D:9      | HP: 3/99 [something (9)]
  9827 | D:9      | Reached skill level 10 in Armour
  9913 | D:10     | Found a flagged portal.
  9947 | Bailey   | Entered a bailey
 10175 | Bailey   | Reached skill level 10 in Fighting
 10240 | Bailey   | Reached skill level 10 in Shields
 10244 | Bailey   | Identified the +0 scale mail of the Lost Path {Str+4}
 10326 | Bailey   | Identified the +10 chain mail "Dybb" {*Corrode Fly rC-
                  | Stlth+}
 10833 | D:10     | Reached ***** piety under Okawaru
 10938 | D:10     | Found a staircase to the Orcish Mines.
 10986 | D:10     | Reached skill level 14 in Axes
 11086 | D:10     | Found a staircase to the Lair.
 11224 | D:10     | Noticed a two-headed ogre
 11232 | D:10     | Killed a two-headed ogre
 11304 | D:11     | Noticed Grum
 11326 | D:11     | Killed Grum
 11572 | D:11     | You are sucked into a shaft and drop 3 floors!
 11576 | D:14     | Noticed a boulder beetle
 11608 | D:14     | Killed a boulder beetle
 11608 | D:14     | Received a gift from Okawaru
 11889 | D:12     | Reached XP level 12. HP: 110/110 MP: 11/11
 11953 | D:12     | Found Yguad's Weapon Boutique.
 12174 | D:12     | Noticed a boulder beetle
 12185 | D:12     | Killed a boulder beetle
 12186 | D:12     | Reached skill level 15 in Axes
 12254 | D:12     | Noticed a centaur warrior
 12269 | D:12     | Killed a centaur warrior
 12763 | D:11     | Noticed a centaur warrior
 12763 | D:11     | Noticed a centaur warrior
 12768 | D:11     | Noticed a stone giant
 12833 | Abyss:2  | Cast into level 2 of the Abyss (a wizard)
 12891 | Abyss:2  | Noticed a tentacled starspawn
 12897 | Abyss:2  | Killed a tentacled starspawn
 12998 | Abyss:2  | Noticed a tentacled starspawn
 13007 | Abyss:2  | Killed a tentacled starspawn
 13007 | Abyss:2  | Reached ****** piety under Okawaru
 13096 | Abyss:2  | Reached skill level 16 in Axes
 13106 | Abyss:2  | Received a gift from Okawaru
 13145 | D:11     | Escaped the Abyss
 13363 | D:11     | Acquired a +1 broad axe of holy wrath
 13363 | D:11     | Received a gift from Okawaru
 13369 | D:11     | Acquired the +2 hood of the Assassin {Detect Stab+ Stlth++}
 13369 | D:11     | Received a gift from Okawaru
 13369 | D:11     | Found the +2 hood of the Assassin {Detect Stab+ Stlth++}
 13388 | Abyss:3  | Found a corrupted altar of Lugonu.
 13388 | Abyss:3  | Cast into level 3 of the Abyss (a wizard)
 13454 | Abyss:3  | Noticed a rakshasa
 13461 | Abyss:3  | Noticed a demonic crawler
 13462 | Abyss:3  | Killed a rakshasa
 13479 | Abyss:3  | Killed a demonic crawler
 13480 | Abyss:3  | Reached XP level 13. HP: 36/107 MP: 12/12
 13534 | Abyss:3  | Noticed a starcursed mass
 13598 | Abyss:3  | Received a gift from Okawaru
 13621 | Abyss:3  | Noticed a white very ugly thing
 13621 | Abyss:3  | Noticed a white very ugly thing
 13626 | Abyss:3  | Noticed a white very ugly thing
 13631 | Abyss:3  | Killed a white very ugly thing
 13643 | Abyss:3  | Killed a brown very ugly thing
 13645 | Abyss:3  | Killed a brown very ugly thing
 13700 | D:11     | Escaped the Abyss
 13745 | Abyss:3  | Cast into level 3 of the Abyss (a wizard)
 13765 | Abyss:3  | Noticed a deep elf sorcerer
 13782 | Abyss:3  | Killed a deep elf sorcerer
 13791 | D:11     | Escaped the Abyss
 13964 | D:11     | Received a gift from Okawaru
 13986 | D:11     | Found the +3 warlock's mirror {omnireflect}
 14031 | Abyss:3  | Cast into level 3 of the Abyss (a wizard)
 14069 | Abyss:3  | Noticed a red very ugly thing
 14082 | Abyss:3  | Killed a red very ugly thing
 14092 | Abyss:3  | Noticed a starcursed mass
 14107 | Abyss:3  | Reached skill level 1 in Dodging
 14128 | Abyss:3  | Reached skill level 1 in Stealth
 14193 | Abyss:3  | Noticed a tentacled starspawn
 14198 | Abyss:3  | Killed a tentacled starspawn
 14219 | Abyss:3  | Found a corrupted altar of Lugonu.
 14219 | Abyss:3  | Noticed a tentacled starspawn
 14228 | Abyss:3  | Killed a tentacled starspawn
 14286 | Abyss:3  | Received a gift from Okawaru
 14298 | Abyss:3  | Noticed a starcursed mass
 14309 | Abyss:3  | Paralysed by accursed screaming for 1 turns
 14349 | Abyss:3  | Noticed a deep elf sorcerer
 14509 | Abyss:3  | Noticed a tentacled starspawn
 14513 | Abyss:3  | HP: 4/111 [mana viper (7)]
 14513 | Abyss:3  | Killed from afar by a smoke demon

Illustrated notes

Levels and vault maps discovered:
D:1:      roderic_crossed_star, layout_basic, serial_shops, shop,
          nicolae_eternal_life, minmay_misc_feat_tower, fountainhead
D:2:      layout_basic, basic_altar, uniq_natasha
D:3:      layout_basic
D:4:      kennysheep_kobold_camp, layout_rooms,
          grunt_temple_overflow_magic_moments, zin_treasury, uniq_eustachio,
          uniq_menkaure
D:5:      kennysheep_slugbush, layout_loops_ring,
          minmay_temple_entry_glassed_door, uniq_ijyb, uniq_duvessa,
          uniq_sigmund
D:6:      layout_gridville, mainiacjoe_overflow_alcove_4,
          dancing_weapons_uskayaw, serial_shops, nicolae_shop_waterfront
D:7:      layout_basic, old_standard_altar, uniq_pikel
D:8:      cheibrodos_histonic, layout_rooms, mainiacjoe_overflow_boulevard,
          elyvilon_altar_4, uniq_prince_ribbit1
D:9:      nicolae_cairo_tiling_large_dashed, layout_loops_corners,
          nicolae_overflow_hidden_temple
D:10:     layout_roguey, lair_entry_dummy,
          kennysheep_orc_monster_closet_entryway, enter_bailey_5
D:11:     minmay_smoke_and_mirrors, layout_gridville, st_stairs_9,
          onia_ninara_dug_in_and_dangerous, uniq_grum
D:12:     layout_stronghold, kennysheep_small_square
D:13:     layout_basic
D:14:     layout_gridville, hellmonk_vaults_keyhole,
          minmay_misc_feat_more_columns, gauntlet_entry_generic, serial_shops,
          nicolae_shop_tiny_statue_garden, nicolae_take_the_stairs, shop, shop,
          portal_ice_cave_entry_ugly_swarm
Temple:   nicolae_temple_godpark
Abyss:3:  base: D:3, due_exit_kobolds, spicy_abyss_planar_alliance,
          spicy_abyss_helpful_harpoons, hangedman_stitches_earthworm,
          nicolae_abyss_rune_star_stuff, base: D:6, bh_abyss_xom_lugonu_altar,
          base: Temple, evilmike_abyss_exit_vortex, minivault_23,
          bh_abyss_exit_spiral

Skill      XL: |  1  2  3  4  5  6  7  8  9 10 11 12 13 |
---------------+----------------------------------------+-----
Axes           | 3 4 5 6 7 9 11 13 14 16 | 16.3
Armour         | 4 5 6 7 8 9 11 12 14 | 14.0
Fighting       | 4 5 6 7 8 9 11 12 14 | 14.0
Shields        | 4 5 6 7 8 9 11 12 14 | 14.0
Dodging        | 2 |  2.9
Stealth        | 2 |  2.2

Action                     |  1- 3 |  4- 6 |  7- 9 | 10-12 | 13-15 || total
---------------------------+-------+-------+-------+-------+-------++-------
  Melee: War axe           |    64 |   112 |   370 |   567 |       ||  1113
         Headbutt          |     8 |    21 |    55 |   110 |    28 ||   222
         Broad axe         |       |       |       |    32 |   158 ||   190
 Invoke: Receive Weapon    |       |       |       |     1 |       ||     1
         Receive Armour    |       |       |       |     1 |       ||     1
    Use: Scroll            |       |       |    10 |     9 |     2 ||    21
         Potion            |       |       |       |     5 |     3 ||     8
   Stab: Distracted        |       |       |       |     1 |       ||     1
 Armour: Scale mail        |    43 |    83 |   216 |   190 |       ||   532
         Chain mail        |       |       |       |   238 |   114 ||   352
  Dodge: Dodged            |    33 |    53 |   147 |   153 |    29 ||   415
  Block: Buckler           |     7 |    26 |   159 |   181 |       ||   373
         Reflection        |       |       |     4 |     8 |     2 ||    14
         Tower shield      |       |       |       |   264 |   130 ||   394

Table legend: (Time is in decaauts)
 A = Elapsed time spent in this place.
 B = Non-inter-level travel time spent in this place.
 C = Inter-level travel time spent in this place.
 D = Time resting spent in this place.
 E = Time spent auto-exploring this place.
 F = Levels seen in this place.
 G = Mean time per level.
                   A        B        C        D        E       F      G
               +--------+--------+--------+--------+--------+-----+--------+
         Total |  14568 |  14124 |    444 |   1457 |   9650 |  20 |  728.4 |
       Dungeon |  12703 |  12293 |    410 |   1043 |   9054 |  14 |  907.4 |
        Temple |     35 |      1 |     34 |      0 |      0 |   1 |   35.0 |
         Abyss |   1154 |   1154 |      0 |    278 |    282 |   4 |  288.5 |
        Bailey |    674 |    674 |      0 |    135 |    314 |   1 |  674.0 |
               +--------+--------+--------+--------+--------+-----+--------+

Top non-repeatable levels by time:
     D:7: 1373 daAuts
     D:6: 1234 daAuts
     D:8: 1211 daAuts
     D:1: 1144 daAuts
     D:9: 1139 daAuts
     D:5: 1117 daAuts
     D:4: 1105 daAuts
    D:12: 1013 daAuts
     D:3: 948 daAuts
    D:11: 861 daAuts
 Abyss:3: 853 daAuts
    D:10: 731 daAuts
  Bailey: 674 daAuts
     D:2: 649 daAuts
 Abyss:2: 300 daAuts
